AoeStats
← mazenhassan23

Arabia

510645600Analyzed
1v1 RM · 17h ago on Oct 2, 2026· 73m 38s· 2 players
Game mode
Random Map
Map size
Tiny (2 player)
Population
200
Speed
Normal
Resources
Standard
Victory
Conquest
Starting age
Dark Age
Ending age
Imperial Age
RankedLock teamsTeams togetherTeam positionsShared explorationLock speedFull tech treeHidden civsTurbo modeCheats
Victory
Defeat
🇨🇦 Spanish · Canada
323
+9
🇲🇽 Burgundians · Mexico
150
-9
mazenhassan23
11:42 Feudal Age
20:44 Castle Age
18:38 Horse Collar
18:44 Double-Bit Axe
26:18 Wheelbarrow
25:50 Gold Mining
28:02 Man-at-Arms
29:00 Bloodlines
29:18 Hand Cart
29:09 Town Watch
29:38 Heavy Plow
29:32 Stone Mining
31:18 Town Patrol
31:39 Long Swordsman
34:05 Thumb Ring
40:14 Imperial Age
37:46 Gambesons
40:34 Husbandry
40:40 Cavalier
40:54 Two-Handed Swordsman
41:36 Squires
42:32 Stone Shaft Mining
44:02 Chemistry
43:14 Masonry
45:09 Arson
44:45 Champion
46:58 Conscription
47:34 Forging
47:28 Scale Mail Armor
47:34 Scale Barding Armor
47:20 Fletching
47:31 Padded Archer Armor
47:31 Heavy Mounted Crossbowman
50:11 Hoardings
50:31 Paladin
imoamce
1:22 Wheelbarrow
0:33 Loom
13:29 Feudal Age
15:31 Town Watch
17:39 Horse Collar
18:12 Double-Bit Axe
21:09 Bow Saw
22:20 Heavy Plow
22:46 Hand Cart
23:14 Gold Mining
24:48 Arson
25:12 Man-at-Arms
32:05 Castle Age
33:20 Crossbowman
33:22 Elite Skirmisher
34:16 Padded Archer Armor
34:07 Fletching
34:27 Forging
39:11 Murder Holes
38:58 Treadmill Crane
42:06 Crop Rotation
42:42 Two-Man Saw
41:36 Stone Mining
42:51 Cavalier
43:31 Husbandry
42:54 Light Cavalry
45:11 Squires
55:57 Imperial Age
56:19 Masonry
56:31 Ballistics
56:21 Town Patrol
63:49 Scale Barding Armor
Connection lost

Rejoining the realm…

Still unreachable

The connection could not be restored.

Session expired

The server has moved on; the page needs a fresh start.